Map: Oxide LE

Players

Hellraiser

  • Race: Protoss Protoss

MarineLorD - Winner!

  • Race: Terran Terran
  • League: Master

Event: DreamHack SC2 Masters 2021 Fall

VOD

Have the link to the VOD?

Description

Time

  • Played on: Aug. 7, 2021, 1:13 p.m.
  • Length: 10:24

All games in this series

Show
View Real Time Build Order
Export as new Build Order

Hellraiser Protoss 

Build Orders: Proxy Void Ray 

Get SALT Encoding   

  12  0:00  Probe  
  13  0:12  Probe  
  14  0:18  Pylon  
  14  0:24  Probe (Chrono Boost)  
  15  0:38  Probe (Chrono Boost)  
  15  0:39  Gateway  
  16  0:43  Probe (Chrono Boost)  
  16  0:49  Assimilator  
  17  0:54  Probe  
  18  0:58  Assimilator  
  18  1:06  Probe  
  19  1:18  Probe  
  20  1:27  Cybernetics Core  
  20  1:28  Pylon  
  20  1:30  Probe  
  21  1:43  Probe  
  22  1:55  Probe  
  22  2:00  Stalker (Chrono Boost)  
  23  2:04  Stargate  
  23  2:07  Probe  
  26  2:14  Pylon  
  26  2:19  Probe  
  27  2:23  Stalker  
  28  2:38  Void Ray (Chrono Boost)  
  28  2:44  Pylon  
  32  2:57  Pylon  
  32  3:02  Shield Battery  
  32  3:06  Void Ray (Chrono Boost)  
  32  3:18  Shield Battery  
  36  3:20  Shield Battery  
  36  3:26  Shield Battery  
  36  3:40  Shield Battery  
  36  3:54  Fleet Beacon  
  36  3:56  Shield Battery  
  36  4:15  Shield Battery  
  36  4:18  Forge  
  36  4:27  Pylon  
  36  4:34  Tempest (Chrono Boost)  
  41  4:54  Photon Cannon  
  41  4:56  Photon Cannon  
  41  5:03  Photon Cannon  
  41  5:20  Tempest  
  44  5:29  Shield Battery  
  41  5:36  Probe  
  41  5:39  Shield Battery  
  41  5:48  Probe  
  38  6:03  Oracle  
  41  6:05  Probe  
  41  6:07  Shield Battery  
  42  6:17  Probe  
  42  6:28  Photon Cannon  
  42  6:32  Photon Cannon  
  42  6:40  Tempest (Chrono Boost)  
  47  6:52  Probe  
  45  7:04  Probe  
  46  7:16  Probe  
  46  7:17  Shield Battery  
  47  7:23  Tempest  
  52  7:30  Pylon  
  52  7:33  Probe  
  53  7:45  Probe  
  55  8:00  Shield Battery  
  54  8:06  Tempest  
  59  8:14  Warp Gate  
  54  8:35  Nexus  
  54  8:44  Probe  
  54  8:47  Pylon  
  50  8:56  Probe  
  51  9:18  Probe  
  52  9:24  Tempest  
  57  9:46  Probe  
  57  9:48  Shield Battery  
  58  9:58  Probe  
  56  10:10  Probe  
Show
View Real Time Build Order
Export as new Build Order

MarineLorD Terran - Winner!

Build Orders:  

Get SALT Encoding   

  12  0:00  SCV  
  13  0:12  SCV  
  14  0:16  Supply Depot  
  14  0:24  SCV  
  15  0:38  SCV  
  15  0:39  Barracks  
  16  0:45  Refinery  
  16  0:50  SCV  
  17  1:02  SCV  
  18  1:14  SCV  
  19  1:27  Marine  
  19  1:28  Orbital Command  
  20  1:46  Refinery, Barracks Reactor  
  20  1:51  Supply Depot  
  20  1:55  SCV  
  21  2:07  SCV  
  22  2:15  Bunker  
  22  2:19  SCV  
  23  2:24  Marine x2  
  23  2:27  Factory  
  25  2:31  SCV  
  25  2:35  Barracks  
  26  2:38  Supply Depot  
  26  2:42  Marine x2  
  26  2:43  SCV  
  29  2:55  SCV  
  29  2:58  Supply Depot  
  30  3:00  Marine x2  
  32  3:07  SCV  
  32  3:09  Bunker  
  32  3:10  Factory Tech Lab  
  33  3:18  Marine x2  
  35  3:24  SCV  
  36  3:28  Cyclone  
  36  3:29  Mag-Field Accelerator  
  36  3:33  Barracks Reactor  
  38  3:36  Marine x2  
  41  3:44  Supply Depot  
  40  3:53  Marine x2  
  40  3:57  SCV  
  40  4:00  Cyclone  
  42  4:16  Supply Depot  
  42  4:17  Marine x2  
  44  4:20  Supply Depot  
  44  4:37  Marine  
  44  4:38  Cyclone  
  47  4:41  Marine  
  47  4:42  SCV  
  49  4:47  Bunker  
  49  4:54  SCV  
  49  4:55  Marine x2  
  49  4:59  Marine  
  53  5:06  SCV  
  54  5:13  Marine  
  55  5:23  Supply Depot  
  55  5:25  Supply Depot  
  55  5:26  Marine, SCV  
  57  5:36  Marine  
  57  5:37  Marine, Cyclone  
  61  5:44  Marine  
  61  5:50  Supply Depot  
  61  5:53  Marine  
  61  5:55  Marine  
  63  6:01  Marine  
  64  6:09  Cyclone  
  67  6:18  Marine  
  67  6:19  Marine x2  
  65  6:41  Cyclone  
  65  6:44  Marine  
  68  6:50  Barracks  
  68  6:52  Starport  
  66  7:01  Marine  
  66  7:04  Marine x2  
  66  7:11  Bunker  
  66  7:13  Cyclone  
  68  7:22  Marine x2  
  71  7:30  Barracks Tech Lab  
  71  7:32  Starport Tech Lab  
  71  7:33  Starport Reactor  
  70  7:37  Barracks Reactor  
  70  7:40  Marine x2  
  71  7:55  SCV  
  67  7:59  Marine  
  67  8:00  Stimpack  
  67  8:01  Marine x2  
  67  8:04  Siege Tank  
  73  8:10  Engineering Bay  
  73  8:12  Viking x2  
  77  8:18  Marine  
  77  8:19  Marine x3  
  82  8:24  Supply Depot  
  80  8:33  Marine  
  78  8:36  Marine x2  
  78  8:48  Viking  
  75  8:56  Marine x2  
  78  9:06  Missile Turret  
  77  9:17  Viking  
  79  9:40  Marine x2  
  79  9:42  Marine  

Tags
 
Add a new tag
Caveats
  • Supply blocks, unpowered buildings, or Contaminate may cause inaccurate times.
  • Supply counts are checked every 10 seconds.